Map: Ever Dream LE

Players

jheffe

  • Race: Terran Terran
  • League: Master
  • Spawn Location: 7:00

Nina - Winner!

  • Race: Protoss Protoss
  • League: Grandmaster
  • Spawn Location: 1:00

Event: DreamHack SC2 Masters 2020 Summer North America

VOD

Have the link to the VOD?

Description

Time

  • Played on: June 30, 2020, 4:46 p.m.
  • Length: 6:55

All games in this series

Show
View Real Time Build Order
Export as new Build Order

jheffe Terran 

Build Orders: Reaper Expand 

Get SALT Encoding   

  12  0:00  SCV  
  13  0:13  SCV  
  14  0:17  Supply Depot  
  14  0:25  SCV  
  15  0:38  SCV  
  15  0:39  Barracks  
  16  0:43  Refinery  
  16  0:50  SCV  
  17  1:02  SCV  
  18  1:15  SCV  
  19  1:27  Orbital Command, Reaper  
  20  1:49  Command Center  
  20  1:53  Supply Depot  
  21  1:54  SCV  
  21  1:59  Barracks Tech Lab  
  21  2:06  SCV  
  22  2:10  Barracks  
  22  2:18  Concussive Shells, Marauder  
  22  2:20  SCV  
  25  2:28  Barracks  
  25  2:33  Refinery  
  25  2:34  SCV  
  26  2:41  Marauder  
  28  2:46  SCV  
  29  2:58  SCV  
  30  3:00  Barracks Tech Lab  
  30  3:03  Orbital Command  
  32  3:07  Stimpack  
  32  3:11  Marauder  
  32  3:14  SCV  
  32  3:16  Barracks Tech Lab  
  33  3:26  SCV  
  34  3:34  Marauder  
  34  3:40  Supply Depot, SCV x2  
  38  3:43  Marauder  
  38  3:44  Marauder  
  42  3:52  SCV x2  
  44  4:01  Marauder  
  46  4:04  SCV x2  
  46  4:07  Marauder  
  46  4:08  Factory  
  50  4:11  Marauder  
  50  4:16  Supply Depot, SCV  
  50  4:17  SCV  
  54  4:27  Combat Shield  
  54  4:37  Supply Depot, SCV x2  
  56  4:38  Marine x2, Engineering Bay  
  56  4:39  Marine  
  59  4:49  SCV x2  
  59  4:52  Starport, Factory Reactor  
  61  4:57  Marine x2  
  61  4:58  Marine  
  63  5:00  Supply Depot  
  63  5:01  SCV x2  
  63  5:02  Supply Depot  
  63  5:03  Refinery  
  65  5:13  SCV x2  
  67  5:15  Marine x2  
  67  5:21  Supply Depot  
  69  5:23  Marine  
  69  5:26  SCV x2  
  72  5:33  Supply Depot, Marine  
  73  5:36  Medivac  
  73  5:37  Factory Reactor  
  73  5:38  SCV  
  73  5:39  SCV  
  77  5:47  Marine x2  
  77  5:49  Medivac  
  81  5:50  SCV  
  81  5:52  Command Center, SCV  
  81  5:55  Marine  
  84  6:02  Barracks  
  84  6:03  Barracks  
  84  6:06  Medivac  
  84  6:07  SCV  
  84  6:10  Refinery  
  87  6:16  Marauder x2, Marine  
  89  6:18  SCV  
  89  6:19  Medivac  
  89  6:23  SCV  
  79  6:33  Marine  
  79  6:38  SCV x2  
Show
View Real Time Build Order
Export as new Build Order

Nina Protoss - Winner!

Build Orders: 1 Gate Expand, Colossus Rush 

Get SALT Encoding   

  12  0:01  Probe  
  13  0:13  Probe  
  14  0:17  Pylon  
  14  0:24  Probe  
  15  0:33  Probe  
  15  0:38  Gateway  
  15  0:41  Probe  
  17  0:51  Probe  
  17  0:54  Assimilator  
  18  1:03  Probe  
  19  1:15  Probe  
  20  1:25  Cybernetics Core  
  20  1:35  Nexus  
  20  1:41  Pylon  
  20  1:46  Probe  
  21  1:53  Adept  
  21  1:55  Assimilator  
  21  1:58  Probe  
  22  2:04  Warp Gate  
  24  2:10  Probe  
  24  2:14  Stalker  
  25  2:26  Probe  
  28  2:38  Probe  
  28  2:43  Stalker  
  29  2:47  Probe  
  29  2:48  Robotics Facility  
  29  2:51  Probe  
  33  2:55  Probe  
  33  2:59  Gateway  
  33  3:03  Probe  
  33  3:05  Probe  
  36  3:14  Assimilator  
  36  3:15  Probe  
  36  3:16  Stalker  
  39  3:20  Probe  
  39  3:25  Pylon  
  40  3:29  Probe  
  40  3:33  Immortal, Shield Battery  
  43  3:42  Probe  
  43  3:44  Probe  
  45  3:49  Pylon  
  45  3:54  Probe  
  46  3:56  Sentry, Probe  
  49  4:03  Robotics Bay  
  49  4:06  Probe  
  49  4:07  Probe  
  51  4:11  Observer  
  51  4:14  Phoenix  
  51  4:15  Probe  
  52  4:18  Assimilator, Probe  
  52  4:19  Pylon  
  52  4:23  Probe  
  54  4:26  Sentry  
  54  4:29  Warp Prism  
  54  4:30  Probe  
  58  4:35  Probe  
  61  4:42  Probe  
  62  4:46  Pylon  
  62  4:47  Probe  
  62  4:48  Sentry  
  62  4:51  Colossus  
  65  4:54  Probe  
  65  4:59  Probe  
  67  5:01  Pylon x2  
  73  5:08  Gravitic Drive  
  73  5:15  Forge  
  73  5:22  Nexus  
  73  5:23  Observer  
  73  5:26  Probe x2  
  75  5:30  Sentry  
  77  5:35  Twilight Council  
  77  5:38  Probe  
  77  5:40  Pylon  
  77  5:42  Shield Battery, Probe  
  79  5:49  Colossus  
  79  5:55  Probe  
  86  6:02  Probe  
  87  6:05  Stalker  
  89  6:12  Gateway  
  89  6:15  Stalker  
  89  6:16  Pylon  
  89  6:17  Probe  
  92  6:30  Stalker  
  92  6:31  Probe  
  94  6:40  Stalker  
  88  6:51  Gateway  
Tags
 
Add a new tag
Caveats
  • Supply blocks, unpowered buildings, or Contaminate may cause inaccurate times.
  • Supply counts are checked every 10 seconds.